 Dungeon Crawl Stone Soup version 0.31-a0-472-g43a2ca8e1b (webtiles) character file.

Game seed: 2196722210067829553

240 Ethylacetat the Changeling (level 6, -21/42 HPs)
             Began as an Octopode Shapeshifter on Aug 5, 2023.
             Demolished by a two-headed ogre
             ... wielding a +0 giant club
              (22 damage)
             ... on level 4 of the Dungeon.
             The game lasted 00:06:32 (3182 turns).

Ethylacetat the Changeling (Octopode Shapeshifter)  Turns: 3182, Time: 00:06:32

Health: -21/42     AC:  1    Str: 15    XL:     6   Next: 8%
Magic:  6/6        EV: 13    Int: 10    God:
Gold:   252        SH:  0    Dex: 14    Spells: 5/5 levels left

rFire   + +          .
                       - Unarmed
rCold   . . .        (no shield)
rNeg    . . .        (helmet currently unavailable)
rPois   .            (no amulet)
rElec   .            a - ring of flight
rCorr   .            (no ring)
SInv    .            (no ring)
Will    .....        (no ring)
Stlth   ++           (no ring)
HPRegen 0.27/turn    (no ring)
MPRegen 0.10/turn    (no ring)
                     (no ring)

%: no passive effects
@: about to teleport, beast-form, flying, unable to read
A: beast (slay +3), almost no armour, amphibious, 8 rings, camouflage 1,
gelatinous body 1, (nimble swimmer 1), tentacles, fire resistance 2, wild magic
1, inability to read after injury 1
a: Begin Untransformation


You were on level 4 of the Dungeon.
You were a hulking beast.
You visited 1 branch of the dungeon, and saw 4 of its levels.

You collected 252 gold pieces.

Inventory:

Jewellery
 a - a ring of flight (left tentacle)
 m - a ring of positive energy
Talismans
 b - a beast talisman (active)
Scrolls
 c - 5 scrolls of identify {unknown}
 d - a scroll of torment {unknown}
 j - a scroll of poison
 k - a scroll of blinking
 n - 2 scrolls of enchant armour


   Skills:
 + Level 3.0 Fighting
 - Level 2.0 Dodging
 + Level 4.1 Unarmed Combat
 * Level 4.6 Shapeshifting


You had 5 spell levels left.
You didn't know any spells.
Your spell library contained the following spells:

 Spells                   Type           Power      Damage    Failure   Level
 Apportation              Tloc           0%         N/A       45%         1
 Necrotise                Necr           0%         1d4       45%         1
 Summon Small Mammal      Summ           0%         N/A       45%         1
 Poisonous Vapours        Pois/Air       0%         N/A       58%         2
 Mephitic Cloud           Conj/Pois/Air  0%         N/A       82%         3
 Freezing Cloud           Conj/Ice/Air   0%         6-21      100%        5


Dungeon Overview and Level Annotations

Branches:
Dungeon (4/15)
 Temple: D:4-7

Altars:
Dithmenos
Hepliaklqana
Wu Jian

Shops:
D:3 *   D:4 (


Innate Abilities, Weirdness & Mutations

You are a hulking beast.
Your limbs bulge with bestial killing power. (Slay +3)
You cannot wear most types of armour.
You are amphibious.
You can wear up to eight rings at the same time.
Your skin changes colour to match your surroundings (Stealth+).
Your rubbery body absorbs attacks. (AC +1, EV +1)
((You are camouflaged when in or above water. (Stealth+)))
You have tentacles for arms and can constrict up to eight enemies at once.
Your flesh is very heat resistant. (rF++)
Your spells are a little harder to cast, but a little more powerful.
You occasionally lose the ability to read scrolls when taking damage.


Message History

The adder is poisoned.
Flame seeps out of the adder.
The orc is engulfed in poison gas.
The orc is poisoned.
The orc explodes!
The fiery explosion engulfs the orc!!
The orc explodes!
The adder is engulfed in poison gas.
The adder looks even sicker.
Flame seeps out of the adder.
You hear a shout! x2
Unknown command.
Unknown command.
As you read the scroll labelled JICOXU HE XUNI, it crumbles to dust.
You feel strangely unstable.
It was a scroll of teleportation.
Flame seeps out of the adder.
The two-headed ogre is engulfed in blazing flames.
The adder is engulfed in poison gas.
The adder looks even sicker.
The adder explodes!
Your Fighting skill increases to level 3!
As you read the scroll labelled LITISI WAOLOA, it crumbles to dust.
It is a scroll of enchant weapon.
You aren't carrying any weapons that can be enchanted.
You feel a little less clever now.
The two-headed ogre is engulfed in blazing flames.
As you read the scroll labelled SOXEEP SOFRO, it crumbles to dust.
It is a scroll of amnesia.
You feel forgetful for a moment.
The two-headed ogre is engulfed in poison gas.
The two-headed ogre is poisoned.
The two-headed ogre hits you with a +0 giant club!!
The two-headed ogre misses you.
You tentacle-slap the two-headed ogre. You squeeze the two-headed ogre.
The two-headed ogre is severely wounded.
The two-headed ogre is engulfed in poison gas.
The two-headed ogre looks even sicker.
The two-headed ogre hits you with a +0 giant club!!
You feel threatened and lose the ability to read scrolls!
Ouch! That really hurt!
* * * LOW HITPOINT WARNING * * *
The two-headed ogre hits you with a +0 giant club!!
Ouch! That really hurt!
You die...

#..#.#.###.#..#######...
#...## #.8o∩<8.#.Oo.##
##o## ###..##.o.#..## #
# #.# #o8##.#....##
#.#☼##.# ..##.####...
#.§§§§.# #.# ###.
#<§§§§§#### ## #O# #.
#.§§§§☼§O§#§☼#...o.# #.
#......##h§§☼##.#..# #.
#......##☼§§§## #.##
###.##.##§§☼☼# #. #.
#.####§☼# #. #. #.# ###
#. #.# .. #.


You could see a two-headed ogre (very poisoned).

Vanquished Creatures
  A hound (D:4)
  Terence (D:2)
  8 adders
  An ufetubus (D:4)
  2 worms
  A dart slug (D:1)
  7 orcs
  3 endoplasms (D:1)
  14 giant cockroaches
  13 goblins
  5 hobgoblins
  5 jackals
  7 kobolds
  4 quokkas
  6 ball pythons
  3 bats
  8 frilled lizards
  3 rats (D:1)
92 creatures vanquished.

Notes
Turn   | Place    | Note
-------+----------+-------------------------------------------
     0 | D:1      | Ethylacetat the Octopode Shapeshifter began the quest for
                  | the Orb.
     0 | D:1      | Reached XP level 1. HP: 13/13 MP: 1/1
   169 | D:1      | Reached XP level 2. HP: 18/18 MP: 2/2
   530 | D:1      | Reached XP level 3. HP: 21/23 MP: 3/3
  1012 | D:2      | Found an ornate altar of the Wu Jian Council.
  1076 | D:2      | Noticed Terence
  1085 | D:2      | Killed Terence
  1086 | D:2      | Reached XP level 4. HP: 10/29 MP: 4/4
  2135 | D:3      | Found Osher's General Store.
  2194 | D:3      | Reached XP level 5. HP: 15/35 MP: 5/5
  2791 | D:4      | Found a shadowy altar of Dithmenos.
  2864 | D:4      | Identified the staff "Dotsi" {rN+ Int+3 Conj}
  3069 | D:4      | Reached XP level 6. HP: 37/41 MP: 6/6
  3119 | D:4      | Found Soras's Antique Weapon Emporium.
  3124 | D:4      | Noticed a two-headed ogre
  3131 | D:4      | Gained mutation: You occasionally lose the ability to read
                  | scrolls when taking damage. [potion of mutation]
  3131 | D:4      | Gained mutation: Your spells are a little harder to cast,
                  | but a little more powerful. [potion of mutation]
  3131 | D:4      | Gained mutation: Your flesh is heat resistant. (rF+)
                  | [potion of mutation]
  3131 | D:4      | Gained mutation: Your flesh is very heat resistant. (rF++)
                  | [potion of mutation]
  3172 | D:4      | Found a hazy altar of Hepliaklqana.
  3182 | D:4      | HP: 1/42 [two-headed ogre/+0 giant club (22)]
  3182 | D:4      | Demolished by a two-headed ogre

Illustrated notes

Levels and vault maps discovered:
D:1:      psy_arrival_dodecagon, layout_loops_corners, minmay_quantized
D:2:      minmay_roachtagon, layout_basic, basic_altar, uniq_terence
D:3:      minmay_razor_zed, layout_loops_ring, serial_shops, shop
D:4:      minmay_wonky_spiral, layout_loops_ring, mainiacjoe_overflow_alcove_1,
          old_standard_altar, serial_shops, nicolae_shop_statue_plus,
          nicolae_half_adder, uniq_eustachio, uniq_menkaure

Skill      XL: |  1  2  3  4  5  6 |
---------------+-------------------+-----
Fighting       | 2 3 |  3.0
Shapeshifting  | 4 |  4.6
Unarmed Combat | 4 |  4.1
Dodging        | |  2.0

Action                     |  1- 3 |  4- 6 || total
---------------------------+-------+-------++-------
  Melee: Unarmed           |    65 |    93 ||   158
         Constrict         |    22 |    29 ||    51
         Tentacles         |     7 |    11 ||    18
         Punch             |     2 |       ||     2
    Use: Potion            |     1 |     5 ||     6
         Scroll            |       |     8 ||     8
   Stab: Sleeping          |     6 |     8 ||    14
         Distracted        |     1 |       ||     1
 Armour: Skin              |    10 |     2 ||    12
  Dodge: Dodged            |    30 |    53 ||    83

Table legend: (Time is in decaauts)
 A = Elapsed time spent in this place.
 B = Non-inter-level travel time spent in this place.
 C = Inter-level travel time spent in this place.
 D = Time resting spent in this place.
 E = Time spent auto-exploring this place.
 F = Levels seen in this place.
 G = Mean time per level.
                   A        B        C        D        E       F      G
               +--------+--------+--------+--------+--------+-----+--------+
         Total |   3170 |   3101 |     69 |    100 |   2512 |   4 |  792.5 |
       Dungeon |   3170 |   3101 |     69 |    100 |   2512 |   4 |  792.5 |
               +--------+--------+--------+--------+--------+-----+--------+

Top non-repeatable levels by time:
     D:2: 1015 daAuts
     D:1: 912 daAuts
     D:3: 852 daAuts
     D:4: 391 daAuts
